 Dungeon Crawl Stone Soup version 0.26-b1-32-g5d43845 (webtiles) character file.

Game seed: 11534761499385348198

139 Illumine the Skirmisher (level 5, -8/47 HPs)
             Began as a Minotaur Fighter on Jan 11, 2021.
             Killed by divine providence
             ... invoked by an orc priest
              (10 damage)
             ... on level 3 of the Dungeon.
             The game lasted 00:01:39 (1735 turns).

Illumine the Skirmisher (Minotaur Fighter)          Turns: 1735, Time: 00:01:40

Health: -8/47      AC: 10    Str: 21    XL:     5   Next: 1%
Magic:  4/4        EV:  5    Int:  5    God:
Gold:   110        SH:  9    Dex: 10    Spells: 4/4 levels left

rFire    . . .     SeeInvis .   a - +0 war axe
rCold    . . .     Faith    .   c - +0 kite shield
rNeg     . . .     Spirit   .   i - +0 chain mail (curse)
rPois    .         Reflect  .   (helmet restricted)
rElec    .         Harm     .   (no cloak)
rCorr    .         Rampage  .   n - +0 pair of gloves (curse)
Will     .....                  (no boots)
Stlth    ..........             (no amulet)
HPRegen  0.15/turn              (no ring)
MPRegen  0.09/turn              (no ring)

@: no status effects
A: retaliatory headbutt, horns 2
a: no special abilities


You were on level 3 of the Dungeon.
You visited 1 branch of the dungeon, and saw 3 of its levels.

You collected 110 gold pieces.

Inventory:

Hand Weapons
 a - a +0 war axe (weapon)
 b - a +0 hunting sling
 s - a +3 flail
Missiles
 j - 121 stones (quivered)
 w - 24 sling bullets
Armour
 c - a +0 kite shield (worn)
 e - a +0 scale mail
 i - a cursed +0 chain mail (worn)
 n - a cursed +0 pair of gloves (worn)
Scrolls
 h - 4 scrolls of magic mapping {unknown}
 k - a scroll of immolation {unknown}
 m - a scroll of identify {unknown}
 q - a scroll of remove curse {unknown}
 t - a scroll of random uselessness {unknown}
 v - a scroll of enchant armour {unknown}
 x - 2 scrolls of amnesia {unknown}
 y - a scroll of enchant weapon {unknown}
Potions
 d - 3 potions of might
 f - a potion of mutation {unknown}
 g - 3 potions of heal wounds {unknown}
 l - 2 potions of invisibility {unknown}
 o - a potion of flight {unknown}
 p - a potion of haste {unknown}
 r - a potion of cancellation {unknown}
 u - a potion of attraction {unknown}


   Skills:
 + Level 4.5 Fighting
 * Level 4.4 Axes
 + Level 4.4 Armour
 + Level 4.4 Shields


You had 4 spell levels left.
You didn't know any spells.
Your spell library was empty.

Dungeon Overview and Level Annotations

Branches:
Dungeon (3/15)

Altars:


Innate Abilities, Weirdness & Mutations

You reflexively headbutt those who attack you in melee.
You have a pair of horns on your head.


Message History

Unknown command.
The orc priest invokes the aid of Beogh against you.
Pain shoots through your body! You block the orc priest's attack.
You hit the orc priest. Your headbutt misses the orc priest.
The orc priest is moderately wounded.
You barely miss the orc priest. You block the orc priest's attack.
The orc priest hits you but does no damage.
You block the orc priest's attack.
You hit the orc priest.
The orc priest is moderately wounded.
You hit the orc priest. You hit the rat.
You kill the rat!
The orc priest calls upon Beogh to heal the orc priest.
The orc priest's wounds heal themselves!
The orc priest calls down the wrath of Beogh upon you.
Beogh smites you!
* * * LOW HITPOINT WARNING * * *
The orc priest invokes the aid of Beogh against you.
Beogh smites you!
You die...

#.#.#..#.#.# #. #.#.#..#
#. #.#.#..# # #.
#.#.#†.#.# #. #.#.#....#
.. # #.#.#.######### ...
#.#............
.....#####...#.......>..
......o@.)..............
.....#†o.###.###########
... #...# #.# . #...#
#+# #...# #...# #...#
#...#


You could see 2 orc priests.

Vanquished Creatures
  An orc wizard (D:3)
  Terence (D:2)
  An adder (D:2)
  2 dart slugs
  2 orcs (D:3)
  2 ball pythons
  4 giant cockroaches
  11 goblins
  7 hobgoblins
  2 quokkas
  14 bats
  2 frilled lizards (D:1)
  6 kobolds
  22 rats
77 creatures vanquished.

Notes
Turn   | Place    | Note
-------+----------+-------------------------------------------
     0 | D:1      | Illumine the Minotaur Fighter began the quest for the Orb.
     0 | D:1      | Reached XP level 1. HP: 19/19 MP: 0/0
   249 | D:1      | Reached XP level 2. HP: 27/27 MP: 1/1
   652 | D:1      | Reached XP level 3. HP: 29/33 MP: 2/2
  1057 | D:2      | Noticed Terence
  1066 | D:2      | Killed Terence
  1067 | D:2      | Reached XP level 4. HP: 40/40 MP: 3/3
  1733 | D:3      | Reached XP level 5. HP: 19/47 MP: 4/4
  1735 | D:3      | HP: 2/47 [orc priest/divine providence (16)]
  1735 | D:3      | Killed from afar by an orc priest

Illustrated notes

Levels and vault maps discovered:
D:1:      dpeg_arrival_solitude, layout_loops_cross, minmay_heptomino_h4
D:2:      layout_basic, corexii_item_surrounded_by_moat, minmay_rat_hole,
          uniq_terence
D:3:      layout_basic, gammafunk_ghost_abyssal_escape

Skill      XL: |  1  2  3  4 |
---------------+-------------+-----
Axes           | 3 4 |  4.4
Shields        | 4 |  4.4
Fighting       | 4 |  4.5
Armour         | 4 |  4.4

Action                   |  1- 3 |  4- 6 || total
-------------------------+-------+-------++-------
Melee: War axe           |    98 |    68 ||   166
       Headbutt          |    14 |    11 ||    25
Armor: Scale mail        |    18 |       ||    18
       Chain mail        |    42 |    42 ||    84
Dodge: Dodged            |    20 |    14 ||    34
Block: Kite shield       |    65 |    39 ||   104
